 Dungeon Crawl Stone Soup version 0.24.0-37-gcf1ca852f1 (webtiles) character file.

Game seed: 7940204456018482526, levelgen mode: deterministic

2454 Mrkan the Skirmisher (level 9, -2/59 HPs)
             Began as a Gargoyle Fighter on Nov 30, 2019.
             Was a Believer of Ashenzari.
             Shot with a sling bullet by Joseph (7 damage)
             ... on level 6 of the Dungeon.
             The game lasted 00:10:57 (4736 turns).

Mrkan the Skirmisher (Gargoyle Fighter)             Turns: 4736, Time: 00:10:58

Health: -2/59      AC: 20    Str: 23    XL:     9   Next: 50%
Magic:  9/9        EV:  3    Int:  8    God:    Ashenzari [**....]
Gold:   192        SH: 18    Dex: 10    Spells: 8/8 levels left

rFire    . . .     SeeInvis .   a - +0 flail (curse)
rCold    . . .     Gourm    .   m - +2 large shield (curse)
rNeg     + + .     Faith    .   B - +8 plate armour "Tuitoeta" {rElec rN+} (curse)
rPois    ∞         Spirit   .   (no helmet)
rElec    +         Reflect  .   r - +0 cloak
rCorr    .         Harm     .   (no gloves)
MR       .....                  (no boots)
Stlth    ..........             o - amulet of regeneration
HPRegen  0.59/turn              (no ring)
MPRegen  0.11/turn              (no ring)

@: corroded, hasted, very quick
A: negative energy resistance 1, electricity resistance, unbreathing,
petrification resistance, rot immunity, AC +6
a: Curse Item, Scrying, Renounce Religion


You were on level 6 of the Dungeon.
You worshipped Ashenzari.
Ashenzari was pleased with you.
You were not hungry.

You visited 1 branch of the dungeon, and saw 7 of its levels.
You also visited: Sewer.

You collected 192 gold pieces.

Inventory:

Hand Weapons
 a - a cursed +0 flail (weapon)
 y - a +0 flail of protection
Missiles
 x - 8 curare-tipped darts (quivered)
Armour
 m - a cursed +2 large shield (worn)
 r - a +0 cloak (worn)
 B - the cursed +8 plate armour "Tuitoeta" (worn) {rElec rN+}
   (You found it on level 6 of the Dungeon)

   It insulates you from electricity.
   It protects you from negative energy.
   It has a curse placed upon it.
Jewellery
 b - a +2 ring of dexterity
 n - an uncursed amulet of the gourmand
 o - an amulet of regeneration (around neck)
 q - an uncursed ring of wizardry
 v - an uncursed amulet of rage
Wands
 d - a wand of digging (3)
 w - a wand of polymorph (7)
Scrolls
 e - a scroll of magic mapping {unknown}
 g - 3 scrolls of blinking {unknown}
 i - 4 scrolls of remove curse
 k - a scroll of amnesia {unknown}
 l - a scroll of immolation {unknown}
 p - 2 scrolls of fog {unknown}
 s - a scroll of fear {unknown}
 t - 2 scrolls of teleportation {unknown}
 u - 4 scrolls of identify {unknown}
Potions
 c - a potion of flight {unknown}
 h - a potion of lignification {unknown}
 z - a potion of curing {unknown}
 C - a potion of degeneration {unknown}
Comestibles
 f - 13 rations
 A - 5 chunks of flesh


   Skills:
 + Level 7.8 Fighting
 * Level 7.7(10.0) Maces & Flails
 + Level 6.8 Armour
 + Level 6.8(8.3) Shields


You had 8 spell levels left.
You didn't know any spells.
Your spell library contained the following spells:

 Spells                   Type           Power        Failure   Level  Hunger
 Animate Skeleton         Necr           N/A          100%        1    ##.....
 Apportation              Tloc           #.....       100%        1    ##.....
 Confusing Touch          Hex            #.....       100%        1    ##.....
 Summon Small Mammal      Summ           #...         100%        1    ##.....


Dungeon Overview and Level Annotations

Branches:
Dungeon (7/15)             Temple (0/1) D:5           Sewer (visited)

Altars:
Ashenzari
Cheibriados
Dithmenos
Ru
Zin

Annotations:
D:2 Jessica, Sigmund
D:6 Joseph


Innate Abilities, Weirdness & Mutations

You are resistant to torment.
Your stone body is resilient. (AC +6)
You are immune to poison.
You resist negative energy. (rN+)
You are resistant to electric shocks. (rElec)
You can survive without breathing.
You are immune to petrification.
You are immune to rotting.


Message History

You are splashed with acid!
* * * LOW HITPOINT WARNING * * *
You hit Joseph.
Joseph is moderately wounded.
Joseph zaps a wand.
The bolt of acid hits you!
* * * LOW HITPOINT WARNING * * *
The acid corrodes you!
You are splashed with acid!
* * * LOW HITPOINT WARNING * * *
The now-empty wand crumbles to dust.
Joseph hits you but does no damage.
You feel yourself speed up.
There is a stone staircase leading up here.
You see here 3 sling bullets.
You climb upwards.
There is a stone staircase leading down here.
Joseph unwields a +0 quarterstaff.
Joseph wields a +0 hunting sling.
Joseph shoots a sling bullet.
The sling bullet hits you but does no damage.
You see here a sling bullet.
Joseph shoots a sling bullet.
The sling bullet hits you!
You die...

#............# #...######
#............# #...##....
#............#####...##.##.
#............'.........[.+.
#............#####...##.##.
#............# #...##.##.
############'### #...##.##.
#.............# #...##.##.
#.....[.....@.# ######.###
#.............# #.#
#...........(.###########.#
#...........>.'...........###
#.....[.....@.########.#....#
#...[.........# #......#
#............:#### ##.....#
#................## #.....#
##########.##.....# ##....#


You could see Joseph.

Vanquished Creatures
  A hippogriff (D:7)
  Eustachio (D:5)
  Menkaure (D:5)
  Edmund (D:5)
  Purgy (Sewer)
  3 ice beasts
  An orc warrior (D:6)
  A necrophage (D:6)
  3 centaurs
  2 ogres
  A big kobold (Sewer)
  A bullfrog (D:4)
  A howler monkey (D:7)
  2 crimson imps
  A centaur zombie (D:5)
  A quasit (D:6)
  6 hounds
  A gnoll shaman (D:5)
  2 orc wizards
  2 orc priests (D:6)
  An iron imp (D:5)
  A bullfrog skeleton (D:3)
  A worker ant (D:5)
  2 hound skeletons
  A worker ant zombie (D:5)
  6 adders
  5 gnolls (D:5)
  A howler monkey skeleton (D:7)
  A river rat (D:3)
  An adder zombie (D:6)
  2 worms (D:3)
  2 dart slugs
  2 leopard geckos
  16 orcs
  14 giant cockroaches
  7 goblins
  5 hobgoblins
  3 jackals (D:5)
  6 kobolds
  A quokka (D:6)
  A ball python (D:5)
  7 bats
  2 frilled lizards
  A leopard gecko skeleton (D:6)
  2 quokka skeletons
  5 rats
129 creatures vanquished.

Vanquished Creatures (others)
  A leopard gecko (D:7)
  An orc (D:7)
2 creatures vanquished.

Grand Total: 131 creatures vanquished

Notes
Turn   | Place    | Note
-------+----------+-------------------------------------------
     0 | D:1      | Mrkan the Gargoyle Fighter began the quest for the Orb.
     0 | D:1      | Reached XP level 1. HP: 14/14 MP: 1/1
   177 | D:1      | Reached XP level 2. HP: 15/19 MP: 2/2
   370 | D:1      | Found a shattered altar of Ashenzari.
   386 | D:1      | Became a worshipper of Ashenzari the Shackled
   835 | D:2      | Found a faded altar of an unknown god.
   886 | D:2      | Reached XP level 3. HP: 23/23 MP: 3/3
  1063 | D:2      | Noticed Sigmund
  1116 | D:2      | Noticed Jessica
  1203 | D:3      | Reached * piety under Ashenzari
  1328 | D:3      | Reached XP level 4. HP: 30/30 MP: 4/4
  1348 | D:3      | Found a glowing drain.
  1368 | Sewer    | Entered a sewer
  1392 | Sewer    | Noticed a big kobold
  1405 | Sewer    | Killed a big kobold
  1405 | Sewer    | Reached skill level 5 in Fighting
  1405 | Sewer    | Reached XP level 5. HP: 36/36 MP: 5/5
  1443 | Sewer    | Noticed Purgy
  1462 | Sewer    | Killed Purgy
  1462 | Sewer    | Reached XP level 6. HP: 22/40 MP: 6/6
  1908 | D:3      | Found a glowing silver altar of Zin.
  1917 | D:3      | Found a sacrificial altar of Ru.
  2233 | D:4      | Reached XP level 7. HP: 46/46 MP: 7/7
  2602 | D:5      | Entered Level 5 of the Dungeon
  2637 | D:5      | Found a staircase to the Ecumenical Temple.
  2872 | D:5      | Reached skill level 5 in Armour
  2872 | D:5      | Reached skill level 5 in Shields
  2995 | D:5      | Reached ** piety under Ashenzari
  2995 | D:5      | Noticed Eustachio
  2995 | D:5      | Noticed Menkaure
  3011 | D:5      | Killed Menkaure
  3011 | D:5      | Reached skill level 5 in Maces & Flails
  3011 | D:5      | Reached XP level 8. HP: 23/52 MP: 8/8
  3040 | D:5      | Killed Eustachio
  3503 | D:5      | Noticed Edmund
  3524 | D:5      | Killed Edmund
  3711 | D:5      | Found a snail-covered altar of Cheibriados.
  3876 | D:6      | Reached XP level 9. HP: 55/57 MP: 9/9
  4005 | D:6      | Found a shadowy altar of Dithmenos.
  4087 | D:6      | Got the uncursed plate armour "Tuitoeta" {rElec rN+}
  4098 | D:6      | Identified the +8 plate armour "Tuitoeta" {rElec rN+} (You
                  | found it on level 6 of the Dungeon)
  4406 | D:7      | Found a snail-covered altar of Cheibriados.
  4433 | D:7      | Noticed Joseph
  4462 | D:7      | HP: 2/58 [Joseph/sling bullet (13)]
  4728 | D:7      | HP: 1/59 [acid (7)]
  4736 | D:6      | Shot with a sling bullet by Joseph

Levels and vault maps discovered:
D:1:      dpeg_arrival_chambers_temple_mockup, layout_basic,
          evilmike_ruin_ashenzari
D:2:      minmay_roachtagon, layout_loops_cross, eat_drink_and_be_merry_uskayaw,
          chequers_ecumenical_altar_lobes, roderic_roman_lattice, uniq_robin,
          uniq_jessica, uniq_sigmund
D:3:      layout_rooms, zin_academy, lemuel_doored_altar, portal_sewer_entry_a,
          chequers_serial_rivers_small_b
D:4:      layout_basic, first_ration, nrook_mini_vaults, dk_noncrumbling_4
D:5:      layout_loops_ring, temple_statues, chei_slow_surprise, uniq_eustachio,
          uniq_edmund, uniq_menkaure
D:6:      layout_basic, nicolae_dithmenos_the_darkroom
D:7:      layout_basic, kennysheep_mini_moat, kennysheep_mini,
          lemuel_mausoleum_altar_yredelemnul, kiku_gazebo_pond_becter,
          nicolae_overflow_crystal_walls, serial_shops, shop,
          kb_lookout_dungeons_type, uniq_joseph, uniq_duvessa

Skill      XL: |  1  2  3  4  5  6  7  8  9 |
---------------+----------------------------+-----
Maces & Flails | 3 4 5 6 7 |  7.7
Fighting       | 4 5 6 7 |  7.8
Armour         | 4 5 6 |  6.8
Shields        | 4 5 6 |  6.8

Action                   |  1- 3 |  4- 6 |  7- 9 || total
-------------------------+-------+-------+-------++-------
Melee: Flail             |   135 |   123 |   480 ||   738
Invok: Curse Item        |       |       |     3 ||     3
  Use: Potion            |       |       |     3 ||     3
  Eat: Chunk             |     2 |     2 |    10 ||    14
Armor: Scale mail        |   155 |    84 |   205 ||   444
       Plate armour      |       |       |    72 ||    72
Dodge: Dodged            |    88 |    55 |    89 ||   232
Block: Shield            |   121 |    72 |     8 ||   201
       Large shield      |       |       |   542 ||   542
